 Dungeon Crawl Stone Soup version 0.31-a0-232-gb1c03b2570 (webtiles) character file.

Game seed: 15646775707469940838

11034 qw the Marksminotaur (level 11, -2/99 HPs)
             Began as a Minotaur Hexslinger on July 7, 2023.
             Was an Elder of Okawaru.
             Slain by a yak (10 damage)
             ... on level 10 of the Dungeon.
             The game lasted 00:04:04 (9841 turns).

qw the Marksminotaur (Minotaur Hexslinger)          Turns: 9841, Time: 00:04:04

Health: -2/99      AC:  7    Str: 13    XL:     11   Next: 44%
Magic:  12/13      EV: 19    Int: 10    God:    Okawaru [****..]
Gold:   587        SH:  5    Dex: 17    Spells: 11/12 levels left

rFire   + . .        Y - +0 orcbow
rCold   . . .        (shield currently unavailable)
rNeg    . . .        l - +2 robe "Veostuxocw" {rF+}
rPois   +            (helmet restricted)
rElec   .            k - +0 cloak
rCorr   .            (no gloves)
SInv    .            c - +0 pair of boots
Will    .....        f - amulet of reflection
Stlth   +++          e - ring of poison resistance
HPRegen 0.36/turn    h - +4 ring of slaying {mikee}
MPRegen 0.13/turn

%: reflection
@: about to teleport, heroic
A: horns 2, retaliatory headbutt
a: Renounce Religion, Heroism, Finesse


You were on level 10 of the Dungeon.
You worshipped Okawaru.
Okawaru was greatly pleased with you.
You visited 2 branches of the dungeon, and saw 11 of its levels.
You also visited: Ossuary.

You collected 587 gold pieces.


Innate Abilities, Weirdness & Mutations

You have a pair of horns on your head.
You reflexively headbutt those who attack you in melee.


   Skills:
 - Level 10.0(15.0) Fighting
 + Level 15.1(20.1) Ranged Weapons
 - Level 2.1(7.1) Armour
 - Level 7.0(12.0) Dodging
 - Level 1.0 Spellcasting
 - Level 2.0 Hexes
 + Level 5.2 Invocations


You had 11 spell levels left.
You knew the following spells:

 Your Spells              Type           Power      Damage    Failure   Level
a - Slow                  Hex            16%        N/A       16%         1

Your spell library contained the following spells:

 Spells                   Type           Power      Damage    Failure   Level
 Inner Flame              Hex/Fire       2%         N/A       56%         3
 Portal Projectile        Hex/Tloc       4%         N/A       56%         3
 Cause Fear               Hex            2%         N/A       83%         4

Inventory:

Hand Weapons
 Y - a +0 orcbow (weapon)
Armour
 b - +0 acid dragon scales
 c - a +0 pair of boots (worn)
 k - a +0 cloak (worn)
 l - the +2 robe "Veostuxocw" (worn) {rF+}
   (You found it on level 7 of the Dungeon)

   rF:        It protects you from fire.
Jewellery
 e - a ring of poison resistance (left hand)
 f - an amulet of reflection (around neck)
 h - a +4 ring of slaying (right hand) {mikee}
 n - a ring of see invisible
Scrolls
 a - 6 scrolls of identify
Potions
 d - 2 potions of might
 g - 2 potions of mutation
 i - 2 potions of haste

Dungeon Overview and Level Annotations

Branches:
Dungeon (10/15)            Temple (1/1) D:4         Ossuary (visited)
   Lair: D:8-11         Orc: D:9-12

Altars:
Ashenzari
Cheibriados
Dithmenos
Elyvilon
Fedhas
Gozag
Hepliaklqana
Kikubaaqudgha
Makhleb
Nemelex Xobeh
Okawaru
Qazlal
Ru
Sif Muna
Trog
Uskayaw
Vehumet
Wu Jian
Xom
Yredelemnul
Zin
The Shining One

Annotations:
D:2 1 runed translucent door, Crazy Yiuf
D:10 4 runed translucent doors


Message History

The wolf is moderately wounded.
The yak completely misses you. The yak closely misses you.
The wolf completely misses you.
You shoot an arrow.
The arrow hits the wolf but does no damage.
The wolf is moderately wounded.
You block the wolf's attack. The yak closely misses you.
You block the yak's attack. The yak gores you.
You shoot an arrow. The arrow closely misses the wolf.
The arrow completely misses the polar bear.
The wolf misses you.
You shoot an arrow.
The arrow hits the wolf but does no damage.
The wolf is moderately wounded.
The wolf bites you. The yak gores you but does no damage.
You block the yak's attack. The yak gores you but does no damage.
You shoot an arrow. The arrow hits the wolf!
The wolf is almost dead.
The wolf completely misses you. The yak gores you!
The yak gores you but does no damage. The yak gores you! The wolf misses you.
9838 ||| READING scroll of teleportation.
As you read the scroll of teleportation, it crumbles to dust.
You feel strangely unstable. The wolf misses you. You furiously retaliate!
You headbutt the wolf!
You kill the wolf!
Okawaru accepts your kill.
The yak closely misses you. x2; The yak gores you.
You shoot an arrow. The arrow hits the yak.
The yak is lightly wounded.
You block the yak's attack. The polar bear completely misses you.
The polar bear claws you but does no damage.
The polar bear barely misses you. The yak gores you.
The yak closely misses you.
You shoot an arrow. The arrow hits the yak!
The yak is moderately wounded.
You shoot an arrow. The arrow hits the yak!
The yak is heavily wounded.
The polar bear misses you. x2; The polar bear completely misses you.
The yak closely misses you. You furiously retaliate!
You headbutt the yak. The yak gores you!
You die...

.........#.##.#####8YO8##...#
######+#.#.#.##.%.##++##....#
..# #.#...#.##..........## #
..#
+.#)####.#)....###..######
..#
#.##....##.....'....).....
..#
#..######......#..........
..#
#.........#....#..........
..# ###
+##..>.....#'#####...7 ..#
#.Y@...........#.... ###
#.YhY####......#.7.. #....#
#......#.... #....#
#......##... #....#
#......###.. .....# #......#
### #.>...# #......# .......
..#+#...


You could see a polar bear and 3 yaks.

Vanquished Creatures
  4 two-headed ogres
  A boulder beetle (D:9)
  A deep elf pyromancer (D:10)
  A tengu conjurer (D:10)
  3 polar bears (D:10)
  A hornet (D:8)
  A shadow (D:10)
  3 wyverns
  A wraith (D:9)
  An unseen horror simulacrum (D:10)
  Grum (D:10)
  10 yaks
  Duvessa (D:7)
  An acid dragon (D:9)
  A water moccasin (D:8)
  2 orc warriors
  A sky beast (D:7)
  2 black bears
  2 ogres
  4 centaurs
  5 wolves (D:10)
  A phantom (D:6)
  3 kobold brigands
  3 bullfrogs (D:7)
  2 scorpions
  2 gnoll sergeants
  8 wights
  Dowan (D:7)
  2 howler monkeys
  9 hounds
  4 jellies
  A gnoll bouda (D:9)
  3 orc priests
  3 sleepcaps
  5 orc wizards
  Natasha (twice) (D:4)
  5 iguanas
  Robin (D:3)
  16 gnolls
  5 adders
  A shadow imp (D:6)
  2 white imps (D:10)
  2 ufetubi (D:10)
  2 worms
  7 dart slugs
  24 orcs
  12 endoplasms
  A giant cockroach (D:4)
  11 goblins
  4 hobgoblins (D:3)
  2 jackals (D:1)
  4 quokkas
  6 ball pythons
  3 bats
  3 frilled lizards
  10 hobgoblin zombies (Ossuary)
  28 kobolds
  5 kobold zombies (Ossuary)
  5 orc zombies (Ossuary)
  9 rats
264 creatures vanquished.

Vanquished Creatures (others)
  An orc wizard (D:7)
1 creature vanquished.

Grand Total: 265 creatures vanquished

Notes
Turn   | Place    | Note
-------+----------+-------------------------------------------
     0 | D:1      | qw the Minotaur Hexslinger began the quest for the Orb.
     0 | D:1      | Reached XP level 1. HP: 16/16 MP: 1/1
     0 | D:1      | 0 ||| qw: Version: 0.3-a-46-gb1f654a
     0 | D:1      | 0 ||| qw: Game counter: 2489
     0 | D:1      | 0 ||| qw: Melee chars always use a shield: true
     0 | D:1      | 0 ||| qw: God list: Okawaru
     0 | D:1      | 0 ||| qw: Allow faded altars: false
     0 | D:1      | 0 ||| qw: Do Orc after clearing Dungeon:15 true
     0 | D:1      | 0 ||| qw: Do second Lair branch before Depths: true
     0 | D:1      | 0 ||| qw: Lair rune preference: random
     0 | D:1      | 0 ||| qw: Goals: Normal
     0 | D:1      | 0 ||| PLANNING D:1-11
   110 | D:1      | Reached skill level 3 in Ranged Weapons
   110 | D:1      | Reached XP level 2. HP: 13/23 MP: 2/2
   937 | D:1      | 937 ||| UPGRADING to +0 leather armour.
   947 | D:1      | 947 ||| DROPPING +0 robe.
   948 | D:1      | 948 ||| UPGRADING to amulet of the acrobat.
   953 | D:1      | 953 ||| READING 5 scrolls labelled PILUPI RIXKOHI.
   954 | D:1      | 954 ||| READING scroll labelled OHEVUNTUGG.
   955 | D:1      | 955 ||| READING scroll labelled KAYFORR GESHIF.
   956 | D:1      | 956 ||| READING scroll labelled CYNTUM VEITSU.
   957 | D:1      | 957 ||| DRINKING 2 glowing blue potions.
   958 | D:1      | 958 ||| READING 4 scrolls of identify.
   958 | D:1      | 958 ||| IDENTIFYING pink potion
   959 | D:1      | 959 ||| READING 3 scrolls of identify.
   959 | D:1      | 959 ||| IDENTIFYING viscous pink potion
   960 | D:1      | 960 ||| READING 2 scrolls of identify.
   960 | D:1      | 960 ||| IDENTIFYING metallic coppery potion
   961 | D:1      | 961 ||| DROPPING scroll of poison.
   962 | D:1      | 962 ||| DROPPING potion of attraction.
   963 | D:1      | 963 ||| DROPPING potion of ambrosia.
  1060 | D:2      | Reached XP level 3. HP: 29/29 MP: 3/3
  1180 | D:2      | Reached skill level 4 in Ranged Weapons
  1274 | D:2      | Found a runed translucent door.
  1275 | D:2      | Noticed Crazy Yiuf
  1579 | D:2      | 1579 ||| UPGRADING to +0 ring mail.
  1589 | D:2      | 1589 ||| DROPPING +0 leather armour.
  1590 | D:2      | 1590 ||| DRINKING 2 brown potions.
  1591 | D:2      | 1591 ||| READING 2 scrolls of identify.
  1591 | D:2      | 1591 ||| IDENTIFYING metallic emerald potion
  1592 | D:2      | 1592 ||| DROPPING potion of lignification.
  1726 | D:3      | 1726 ||| Stepping ~*~*~tactically~*~*~ (outnumbered).
  1728 | D:3      | 1728 ||| Stepping ~*~*~tactically~*~*~ (outnumbered).
  1734 | D:3      | Reached skill level 1 in Armour
  1734 | D:3      | Reached XP level 4. HP: 32/36 MP: 4/4
  1737 | D:3      | 1737 ||| FLEEEEING.
  1738 | D:3      | 1738 ||| FLEEEEING.
  1739 | D:3      | 1739 ||| FLEEEEING.
  1740 | D:3      | 1740 ||| FLEEEEING.
  1741 | D:3      | 1741 ||| FLEEEEING.
  1815 | D:3      | Reached skill level 5 in Ranged Weapons
  2030 | D:3      | Noticed Robin
  2040 | D:3      | HP: 8/37 [goblin/+0 dagger[Robin] (3)]
  2041 | D:3      | Killed Robin
  2044 | D:3      | Reached XP level 5. HP: 8/44 MP: 5/5
  2046 | D:3      | Reached skill level 3 in Fighting
  2238 | D:3      | Found an opulent altar of Gozag.
  2392 | D:3      | 2392 ||| UPGRADING to amulet of reflection.
  2402 | D:3      | 2402 ||| DROPPING amulet of the acrobat.
  2403 | D:3      | 2403 ||| READING scroll labelled FIEBYA GYENKAE.
  2462 | D:4      | Reached skill level 6 in Ranged Weapons
  2588 | D:4      | Reached XP level 6. HP: 46/51 MP: 6/6
  2588 | D:4      | 2588 ||| Stepping ~*~*~tactically~*~*~ (outnumbered).
  2666 | D:4      | 2666 ||| FLEEEEING.
  2667 | D:4      | 2667 ||| FLEEEEING.
  2668 | D:4      | 2668 ||| FLEEEEING.
  2669 | D:4      | 2669 ||| FLEEEEING.
  2670 | D:4      | 2670 ||| FLEEEEING.
  2671 | D:4      | 2671 ||| FLEEEEING.
  2673 | D:4      | 2673 ||| FLEEEEING.
  2674 | D:4      | 2674 ||| FLEEEEING.
  2675 | D:4      | 2675 ||| FLEEEEING.
  2676 | D:4      | 2676 ||| FLEEEEING.
  2677 | D:4      | 2677 ||| FLEEEEING.
  2678 | D:4      | 2678 ||| FLEEEEING.
  2679 | D:4      | 2679 ||| FLEEEEING.
  2680 | D:4      | 2680 ||| FLEEEEING.
  2681 | D:4      | 2681 ||| FLEEEEING.
  2682 | D:4      | 2682 ||| FLEEEEING.
  2683 | D:4      | 2683 ||| FLEEEEING.
  2684 | D:4      | 2684 ||| FLEEEEING.
  2685 | D:4      | 2685 ||| FLEEEEING.
  2686 | D:4      | 2686 ||| FLEEEEING.
  2687 | D:4      | 2687 ||| STAIRDANCE
  2717 | D:3      | 2717 ||| READING 2 scrolls of identify.
  2717 | D:3      | 2717 ||| IDENTIFYING fuming orange potion
  2845 | D:4      | Found a staircase to the Ecumenical Temple.
  2846 | D:4      | 2846 ||| PLANNING TEMPLE
  2846 | D:4      | 2846 ||| UPGRADING to ring of poison resistance.
  2847 | D:4      | 2847 ||| DRINKING 3 smoky blue potions.
  2848 | D:4      | 2848 ||| DROPPING 2 potions of brilliance.
  2857 | Temple   | Entered the Ecumenical Temple
  2858 | Temple   | 2858 ||| PLANNING OKAWARU WORSHIP
  2981 | Temple   | Became a worshipper of Warmaster Okawaru
  2982 | Temple   | 2982 ||| PLANNING D:1-11
  3129 | D:4      | Noticed Natasha
  3134 | D:4      | Killed Natasha
  3196 | D:4      | Reached skill level 7 in Ranged Weapons
  3292 | D:4      | 3292 ||| READING scroll labelled WYFOQYJOTE.
  3298 | D:4      | Noticed Natasha
  3309 | D:4      | Killed Natasha
  3365 | D:5      | Entered Level 5 of the Dungeon
  3369 | D:5      | 3369 ||| STAIRDANCE
  3373 | D:4      | HP: 11/52 [orc priest/+0 flail (9)]
  3374 | D:4      | 3374 ||| DRINKING 2 potions of heal wounds.
  3378 | D:4      | Reached XP level 7. HP: 22/59 MP: 7/7
  3378 | D:4      | 3378 ||| DRINKING potion of curing.
  3378 | D:4      | 3378 ||| (to cure confusion)
  3389 | D:4      | HP: 9/59 [something/puff of flame (7)]
  3561 | D:5      | 3561 ||| STAIRDANCE
  3633 | D:5      | Reached skill level 8 in Ranged Weapons
  3635 | D:5      | 3635 ||| STAIRDANCE
  3684 | D:5      | 3684 ||| SWAPPING to +0 orcbow.
  3687 | D:5      | 3687 ||| DROPPING +1 sling.
  3717 | D:5      | Reached * piety under Okawaru
  3727 | D:5      | Reached skill level 1 in Invocations
  3866 | D:5      | 3866 ||| INVOKING Heroism.
  3919 | D:5      | 3919 ||| INVOKING Heroism.
  3920 | D:5      | 3920 ||| INVOKING Heroism.
  3954 | D:5      | 3954 ||| INVOKING Heroism.
  3971 | D:5      | 3971 ||| FLEEEEING.
  3972 | D:5      | 3972 ||| FLEEEEING.
  3973 | D:5      | 3973 ||| FLEEEEING.
  3974 | D:5      | 3974 ||| INVOKING Heroism.
  3992 | D:5      | 3992 ||| FLEEEEING.
  3993 | D:5      | 3993 ||| FLEEEEING.
  3994 | D:5      | 3994 ||| INVOKING Heroism.
  4001 | D:5      | Reached XP level 8. HP: 56/68 MP: 5/8
  4004 | D:5      | Reached skill level 9 in Ranged Weapons
  4083 | D:5      | 4083 ||| INVOKING Heroism.
  4247 | D:5      | 4247 ||| READING scroll labelled LOUCRO FIOC.
  4248 | D:5      | 4248 ||| READING scroll labelled PAMIJAFUPI.
  4260 | D:6      | 4260 ||| INVOKING Heroism.
  4264 | D:6      | Reached skill level 3 in Dodging
  4268 | D:6      | Reached skill level 3 in Invocations
  4316 | D:6      | 4316 ||| INVOKING Heroism.
  4723 | D:6      | 4723 ||| Stepping ~*~*~tactically~*~*~ (outnumbered).
  5098 | D:6      | 5098 ||| UPGRADING to +4 ring of slaying {mikee}.
  5099 | D:6      | 5099 ||| READING 4 scrolls of identify.
  5099 | D:6      | 5099 ||| IDENTIFYING emerald potion
  5125 | D:7      | 5125 ||| INVOKING Heroism.
  5128 | D:7      | Reached skill level 6 in Fighting
  5290 | D:7      | Identified the +2 robe "Veostuxocw" {rF+}
  5314 | D:7      | Found an ancient bone altar of Kikubaaqudgha.
  5321 | D:7      | Noticed Duvessa
  5322 | D:7      | 5322 ||| INVOKING Heroism.
  5322 | D:7      | Noticed Dowan
  5331 | D:7      | Killed Duvessa
  5335 | D:7      | Killed Dowan
  5488 | D:7      | HP: 16/70 [something (5)]
  5489 | D:7      | HP: 7/70 [sky beast (5)]
  5490 | D:7      | 5490 ||| READING scroll of teleportation.
  5490 | D:7      | HP: 1/70 [sky beast (5)]
  5491 | D:7      | 5491 ||| DRINKING potion of heal wounds.
  5495 | D:7      | Reached skill level 10 in Ranged Weapons
  5765 | D:7      | Reached XP level 9. HP: 74/75 MP: 11/11
  5849 | D:7      | 5849 ||| INVOKING Heroism.
  5870 | D:7      | Found a glowing silver altar of Zin.
  6025 | D:7      | 6025 ||| Stepping ~*~*~tactically~*~*~ (outnumbered).
  6028 | D:7      | 6028 ||| INVOKING Heroism.
  6419 | D:7      | 6419 ||| UPGRADING to +0 pair of boots.
  6424 | D:7      | 6424 ||| UPGRADING to +0 cloak.
  6429 | D:7      | 6429 ||| UPGRADING to +2 robe "Veostuxocw" {rF+}.
  6439 | D:7      | 6439 ||| DROPPING +0 ring mail.
  6440 | D:7      | 6440 ||| READING 2 scrolls labelled OLEDUF XYMAUC.
  6441 | D:7      | 6441 ||| DROPPING scroll of revelation.
  6458 | D:8      | 6458 ||| PLANNING OSSUARY
  6477 | D:8      | 6477 ||| INVOKING Heroism.
  6512 | D:8      | Reached skill level 11 in Ranged Weapons
  6557 | D:8      | Noticed a two-headed ogre
  6558 | D:8      | 6558 ||| INVOKING Heroism.
  6570 | D:8      | Killed a two-headed ogre
  6570 | D:8      | Reached ** piety under Okawaru
  6571 | D:8      | Reached skill level 12 in Ranged Weapons
  6748 | D:8      | Found a sand-covered staircase.
  6749 | D:8      | 6749 ||| DROPPING amulet of magic regeneration.
  6750 | D:8      | 6750 ||| READING scroll labelled QIL JOSAST.
  6759 | Ossuary  | Entered an ossuary
  6850 | D:8      | 6850 ||| PLANNING D:1-11
  6904 | D:8      | 6904 ||| Stepping ~*~*~tactically~*~*~ (outnumbered).
  6920 | D:8      | Reached XP level 10. HP: 66/86 MP: 12/12
  6995 | D:8      | 6995 ||| INVOKING Heroism.
  7011 | D:8      | HP: 19/88 [yak (12)]
  7012 | D:8      | 7012 ||| READING scroll of teleportation.
  7083 | D:8      | 7083 ||| INVOKING Heroism.
  7235 | D:8      | Reached skill level 6 in Dodging
  7317 | D:8      | Reached *** piety under Okawaru
  7510 | D:9      | 7510 ||| Stepping ~*~*~tactically~*~*~ (outnumbered).
  7514 | D:9      | 7514 ||| INVOKING Heroism.
  7522 | D:9      | Noticed a boulder beetle
  7532 | D:9      | Killed a boulder beetle
  7533 | D:9      | Reached skill level 13 in Ranged Weapons
  7621 | D:9      | Noticed a two-headed ogre
  7622 | D:9      | 7622 ||| INVOKING Heroism.
  7628 | D:9      | Killed a two-headed ogre
  7629 | D:9      | Reached skill level 9 in Fighting
  7724 | D:9      | Noticed a two-headed ogre
  7725 | D:9      | 7725 ||| INVOKING Heroism.
  7729 | D:9      | Killed a two-headed ogre
  7736 | D:9      | Reached skill level 14 in Ranged Weapons
  7747 | D:9      | Found a sacrificial altar of Ru.
  7923 | D:9      | Reached **** piety under Okawaru
  7961 | D:9      | Received a gift from Okawaru
  7980 | D:9      | 7980 ||| INVOKING Heroism.
  8247 | D:9      | 8247 ||| DROPPING ring of flight.
  8255 | D:10     | Entered Level 10 of the Dungeon
  8258 | D:10     | 8258 ||| STAIRDANCE
  8363 | D:10     | 8363 ||| STAIRDANCE
  8511 | D:10     | 8511 ||| STAIRDANCE
  8645 | D:10     | 8645 ||| STAIRDANCE
  8695 | D:10     | 8695 ||| STAIRDANCE
  8854 | D:10     | 8854 ||| STAIRDANCE
  8939 | D:10     | 8939 ||| STAIRDANCE
  9080 | D:10     | 9080 ||| INVOKING Heroism.
  9080 | D:10     | Noticed Grum
  9096 | D:10     | Reached XP level 11. HP: 51/99 MP: 11/13
  9104 | D:10     | HP: 24/99 [Grum/-1 halberd (15)]
  9105 | D:10     | 9105 ||| READING 2 scrolls of teleportation.
  9196 | D:10     | 9196 ||| INVOKING Heroism.
  9205 | D:10     | Killed Grum
  9342 | D:10     | Found a large runed translucent door.
  9342 | D:10     | Found a large runed translucent door.
  9362 | D:10     | Noticed an ogre mage
  9369 | D:10     | Found a large runed translucent door.
  9369 | D:10     | Found a large runed translucent door.
  9389 | D:10     | 9389 ||| INVOKING Heroism.
  9523 | D:10     | Noticed a two-headed ogre
  9524 | D:10     | 9524 ||| INVOKING Heroism.
  9537 | D:10     | Killed a two-headed ogre
  9581 | D:10     | Noticed a deep elf pyromancer
  9591 | D:10     | 9591 ||| INVOKING Heroism.
  9597 | D:10     | Killed a deep elf pyromancer
  9695 | D:10     | 9695 ||| INVOKING Heroism.
  9712 | D:10     | Reached skill level 15 in Ranged Weapons
  9810 | D:10     | 9810 ||| INVOKING Heroism.
  9828 | D:10     | 9828 ||| INVOKING Heroism.
  9837 | D:10     | HP: 16/99 [yak (11)]
  9838 | D:10     | 9838 ||| READING scroll of teleportation.
  9839 | D:10     | HP: 7/99 [yak (4)]
  9841 | D:10     | Slain by a yak

Levels and vault maps discovered:
D:1:      amcnicky_arrival_double_pillar, layout_loops_corners,
          minmay_tetromino_i2
D:2:      layout_basic, nicolae_concentric_dashed_squares_wild,
          uniq_crazy_yiuf_cottage
D:3:      layout_basic, nicolae_gozag_cash_rules_everything_around_me,
          solitary_fountain, uniq_robin
D:4:      layout_rooms, minmay_temple_entry_waves, cheibrodos_gnoll_hut,
          uniq_natasha
D:5:      layout_rooms
D:6:      layout_loops_ring
D:7:      layout_basic, mainiacjoe_overflow_tiny_flanked, marbit_many_paths,
          uniq_duvessa
D:8:      layout_cave_pools, chequers_ossuary_entry_cave, st_stairs_2
D:9:      layout_rooms, nicolae_overflow_hidden_temple
D:10:     layout_gridville, serial_ice, serial_ice_l, serial_ice_f,
          serial_ice_b, serial_ice_o, serial_ice_g, serial_ice_c, serial_ice_n,
          grunt_ministairs_9, minmay_hollow_rounded_squares, uniq_grum
Temple:   nicolae_temple_two_arcs

Skill      XL: |  1  2  3  4  5  6  7  8  9 10 11 |
---------------+----------------------------------+-----
Ranged Weapons | 3 4 5 6 7 8 10 12 14 15 | 15.1
Fighting       | 2 3 4 5 6 7 9 10 | 10.0
Armour         | 1 2 |  2.1
Invocations    | 2 4 5 |  5.2
Dodging        | 3 5 7 |  7.0
Spellcasting   | |  1.0
Hexes          | |  2.0

Action                     |  1- 3 |  4- 6 |  7- 9 | 10-12 || total
---------------------------+-------+-------+-------+-------++-------
   Fire: Sling             |    97 |   205 |    25 |       ||   327
         Orcbow            |       |       |   305 |   287 ||   592
 Invoke: Heroism           |       |       |    14 |    14 ||    28
    Use: Scroll            |     8 |     3 |     6 |     3 ||    20
         Potion            |     2 |     2 |     2 |       ||     6
 Armour: Robe              |     3 |       |     3 |    27 ||    33
         Ring mail         |     2 |    25 |    36 |       ||    63
         Leather armour    |     1 |       |       |       ||     1
  Dodge: Dodged            |    26 |    91 |    71 |   139 ||   327
  Block: Other             |       |    26 |    30 |    36 ||    92
         Reflection        |       |     2 |     5 |     1 ||     8

Table legend:
 A = Non-vault XP
 B = Vault XP
 C = Vault XP percentage of total XP
 D = Non-vault monster count
 E = Vault monster count
 F = Vault count percentage of total count
                 A         B        C        D         E       F
            +---------+---------+-------+---------+---------+-------
      Total |    9659 |    6104 |  38.7 |     198 |      67 |  25.3
            +---------+---------+-------+---------+---------+-------
        D:1 |      37 |       2 |   5.1 |      24 |       2 |   7.7
        D:2 |      45 |       0 |   0.0 |      12 |       0 |   0.0
        D:3 |      86 |      35 |  28.9 |      18 |      11 |  37.9
        D:4 |     464 |     137 |  22.8 |      31 |       4 |  11.4
        D:5 |     795 |       0 |   0.0 |      22 |       0 |   0.0
        D:6 |     517 |       0 |   0.0 |      14 |       0 |   0.0
        D:7 |     890 |     341 |  27.7 |      20 |       3 |  13.0
        D:8 |    3071 |     205 |   6.3 |      24 |       1 |   4.0
        D:9 |    3448 |       0 |   0.0 |      25 |       0 |   0.0
       D:10 |     306 |    5364 |  94.6 |       8 |      26 |  76.5
    Ossuary |       0 |      20 | 100.0 |       0 |      20 | 100.0
            +---------+---------+-------+---------+---------+-------
